[Event "Team 45 45 League T57"]
[Site "Internet Chess Club"]
[Date "2013.06.29"]
[Round "6"]
[White "bookseller"]
[Black "fireball"]
[Result "1-0"]
[WhiteElo "1693"]
[BlackElo "1682"]
[Opening "French: Winawer, advance, positional main line"]
[ECO "C19"]
[Time "12:03:40"]
[TimeControl "2700+45"]

1. e4 e6 2. d4 d5 3. Nc3 Bb4 4. e5 Ne7 5. a3 Bxc3+ 6. bxc3 c5 7. Nf3 Bd7 8. Bd3
Nbc6 9. O-O O-O 10. Bxh7+ Kh8 11. Ng5 g6 12. Qf3 f5 13. Bxg6 Kg7 14. Qh5 Rh8 15.
Bh7 Qe8 16. Nxe6+ Bxe6 17. Qh6+ Kf7 18. Qf6# {Black checkmated} 1-0

[Event "Team 45 45 League T57"]
[Site "Internet Chess Club"]
[Date "2013.06.27"]
[Round "6"]
[White "monkeyshark"]
[Black "calsal"]
[Result "0-1"]
[WhiteElo "1590"]
[BlackElo "1608"]
[Opening "Scotch gambit: Dubois-Réti defense"]
[ECO "C55"]
[Time "23:52:27"]
[TimeControl "2700+45"]

1. e4 e5 2. Nf3 Nc6 3. Bc4 Nf6 4. d4 exd4 5. e5 d5 6. Bb5 Ne4 7. Nxd4 Bc5 8. f3
Qh4+ 9. g3 Nxg3 10. Rg1 Nf5+ 11. Kf1 Nxd4 12. Bxc6+ bxc6 13. Rg2 Ba6+ 14. Kg1
Nxf3+ 15. Kh1 Ne1 16. Qg4 Nxg2 17. Qxh4 Nxh4 18. Nc3 {White resigns} 0-1

[Event "Team 45 45 League T57"]
[Site "Internet Chess Club"]
[Date "2013.06.30"]
[Round "6"]
[White "stanbeers"]
[Black "Insan996"]
[Result "1-0"]
[WhiteElo "1550"]
[BlackElo "1555"]
[Opening "Nimzo-Indian: three knights variation"]
[ECO "E21"]
[Time "20:03:22"]
[TimeControl "2700+45"]

1. d4 Nf6 2. c4 e6 3. Nc3 Bb4 4. Nf3 c5 5. Bd2 O-O 6. e3 b6 7. g3 Bb7 8. Bg2 d6
9. O-O Nbd7 10. Rc1 Qe7 11. Re1 Bxc3 12. Bxc3 Ne4 13. b3 Nxc3 14. Rxc3 Nf6 15.
Rd3 Ne4 16. d5 e5 17. Nh4 Nf6 18. Nf5 Qd7 19. Bh3 Qd8 20. e4 Bc8 21. Bg2 g6 22.
Nh4 Nh5 23. Bf3 Ng7 24. Ng2 Qg5 25. Nh4 f5 26. Bg2 fxe4 27. Bxe4 Nf5 28. Nf3 Nd4
29. Nxg5 {Black resigns} 1-0

[Event "Team 45 45 League T57"]
[Site "Internet Chess Club"]
[Date "2013.07.02"]
[Round "6"]
[White "Gorongonde"]
[Black "LittleButton"]
[Result "1-0"]
[WhiteElo "1731"]
[BlackElo "1835"]
[Opening "Sicilian"]
[ECO "B53"]
[Time "15:01:38"]
[TimeControl "2700+45"]

1. e4 c5 2. Nf3 d6 3. d4 cxd4 4. Bc4 Nf6 5. Qxd4 Nc6 6. Qe3 g6 7. Bd2 Bg7 8. Bc3
O-O 9. Nbd2 a6 10. a4 Rb8 11. h3 b5 12. axb5 axb5 13. Bb3 e5 14. Nf1 b4 15. Bd2
d5 16. Ng3 Bb7 17. O-O dxe4 18. Ng5 Nd5 19. Bxd5 Qxd5 20. Rfd1 Qb5 21. N3xe4 Nd4
22. Nd6 Qc6 23. Nxb7 Rxb7 24. Qe4 Qxe4 25. Nxe4 Nxc2 26. Rac1 Nd4 27. Kf1 Nb3
28. Rc2 Nxd2+ 29. Rcxd2 Rc7 30. Rd8 Rxd8 31. Rxd8+ Bf8 32. Nf6+ Kh8 33. Rxf8+
Kg7 34. Ne8+ Kxf8 35. Nxc7 Ke7 36. b3 Kd6 37. Na6 Kc6 38. Nxb4+ Kb5 39. Nd3 e4
40. Nc1 Kb4 41. Ke2 f5 42. Ke3 Kc3 43. f3 exf3 44. Kxf3 g5 45. g3 h5 46. h4
{Black resigns} 1-0

[Event "Team 45 45 League T57"]
[Site "Internet Chess Club"]
[Date "2013.06.30"]
[Round "6"]
[White "Schachteufel"]
[Black "Goodfella"]
[Result "1-0"]
[WhiteElo "1684"]
[BlackElo "1502"]
[Opening "Sicilian: closed"]
[ECO "B23"]
[Time "04:00:54"]
[TimeControl "2700+45"]

1. e4 c5 2. Nc3 d6 3. f4 Nc6 4. Nf3 Nf6 5. Bb5 Bd7 6. O-O e6 7. d3 Be7 8. Qe1
O-O 9. Bxc6 Bxc6 10. Qg3 Qb6 11. Kh1 Rad8 12. Rb1 Rfe8 13. e5 dxe5 14. fxe5 Nd5
15. Bh6 Bf8 16. Ne4 g6 17. Qh3 Re7 18. c4 f5 19. exf6 Nxf6 20. Nxf6+ Kh8 21.
Bxf8 Rxf8 22. Ng5 Qc7 23. Nxe6 Rxe6 24. Qxe6 {Black resigns} 1-0

[Event "Team 45 45 League T57"]
[Site "Internet Chess Club"]
[Date "2013.06.27"]
[Round "6"]
[White "SATELLITE-DAN"]
[Black "kutch"]
[Result "1-0"]
[WhiteElo "1551"]
[BlackElo "1475"]
[Opening "Evans gambit: normal variation"]
[ECO "C51"]
[Time "15:00:44"]
[TimeControl "2700+45"]

1. e4 e5 2. Nf3 Nc6 3. Bc4 Bc5 4. b4 Bxb4 5. c3 Bc5 6. O-O d6 7. d4 exd4 8. cxd4
Bb6 9. Qb3 Qd7 10. Bb5 Kf8 11. d5 Na5 12. Qd3 Qe7 13. e5 dxe5 14. Re1 Bxf2+ 15.
Kxf2 Qc5+ 16. Kf1 Ne7 17. Ba3 Qb6 18. Bxe7+ Kxe7 19. Rxe5+ Kd8 20. Ng5 Rf8 21.
Ke1 Qg1+ 22. Qf1 Qxf1+ 23. Kxf1 f6 24. Nf7+ Rxf7 25. Re8# {Black checkmated} 1-0

[Event "Team 45 45 League T57"]
[Site "Internet Chess Club"]
[Date "2013.06.28"]
[Round "6"]
[White "pmxpp"]
[Black "Megasus"]
[Result "1/2-1/2"]
[WhiteElo "1435"]
[BlackElo "1502"]
[Opening "Queen's pawn game"]
[ECO "A50"]
[Time "05:02:43"]
[TimeControl "2700+45"]

1. d4 Nf6 2. c4 c6 3. Nf3 d6 4. Nc3 Bf5 5. Bg5 Ne4 6. e3 Nxg5 7. Nxg5 h6 8. Nf3
Na6 9. Nh4 Bh7 10. Be2 Nb4 11. e4 e6 12. a3 Na6 13. Nf3 Be7 14. O-O Nc7 15. Re1
a6 16. a4 O-O 17. Bd3 Rc8 18. Bc2 Ne8 19. e5 d5 20. Bxh7+ Kxh7 21. cxd5 cxd5 22.
Rc1 Nc7 23. h3 b5 24. Qd3+ g6 25. axb5 axb5 26. Nxb5 Nxb5 27. Qxb5 Rb8 28. Qe2
Qb6 29. Rc2 Rfc8 30. Rxc8 Rxc8 31. Rd1 Qb3 32. Rd3 Rc1+ 33. Kh2 Qc2 34. Rd2 Qb1
35. Qd3 Bb4 36. Qxb1 Rxb1 37. Rc2 Kg7 38. g3 g5 39. Kg2 Kg6 40. Nd2 Bxd2 41.
Rxd2 f6 42. f4 h5 43. fxg5 fxe5 44. dxe5 Kxg5 45. Rf2 d4 46. Kf3 Kf5 47. g4+
hxg4+ 48. hxg4+ Kxe5 49. Kg2 d3 50. g5 Re1 51. g6 Re4 52. Rd2 Kd4 53. Kh3 Re2
54. g7 Rxd2 55. g8=Q e5 56. Qd8+ Ke3 57. Qg5+ Ke2 58. Qg4+ Ke3 59. Qg5+ Ke2 60.
Qg4+ Ke3 {Game drawn by mutual agreement} 1/2-1/2

[Event "Team 45 45 League T57"]
[Site "Internet Chess Club"]
[Date "2013.06.29"]
[Round "6"]
[White "Helaman"]
[Black "RedAttack"]
[Result "1-0"]
[WhiteElo "1938"]
[BlackElo "1804"]
[Opening "QGD Slav: Soultanbéieff variation"]
[ECO "D16"]
[Time "19:00:24"]
[TimeControl "2700+45"]

1. d4 d5 2. c4 c6 3. Nf3 Nf6 4. Nc3 dxc4 5. a4 e6 6. e4 Bb4 7. Bg5 Qa5 8. Bd2
O-O 9. Bxc4 Qh5 10. e5 Nd5 11. O-O a5 12. Ne4 Bxd2 13. Qxd2 Nd7 14. Rfe1 N7b6
15. Bd3 Nb4 16. Bb1 N6d5 17. Ra3 f5 18. exf6 Nxf6 19. Ne5 Nbd5 20. Rh3 Qe8 21.
Nxf6+ Nxf6 22. Ree3 Qe7 23. Reg3 Rd8 24. Bxh7+ Nxh7 25. Qh6 Qf6 26. Qxh7+ Kf8
27. Rf3 {Black resigns} 1-0

[Event "Team 45 45 League T57"]
[Site "Internet Chess Club"]
[Date "2013.06.29"]
[Round "6"]
[White "TwoEqualsOne"]
[Black "Portola"]
[Result "1/2-1/2"]
[WhiteElo "1803"]
[BlackElo "1773"]
[Opening "QGD: Harrwitz attack"]
[ECO "D35"]
[Time "19:00:09"]
[TimeControl "2700+45"]

1. d4 d5 2. c4 e6 3. Nc3 Nf6 4. Bf4 Bd6 5. Bg3 c6 6. e3 O-O 7. Bd3 Qe7 8. Nf3
Nbd7 9. O-O e5 10. dxe5 Nxe5 11. Nxe5 Bxe5 12. Bxe5 Qxe5 13. cxd5 cxd5 14. Rc1
a6 15. Be2 Be6 16. Bf3 Rac8 17. Qd4 Qxd4 18. exd4 Rc4 19. Rfd1 Rfc8 20. Be2 R4c7
21. f3 Nd7 22. Bd3 Nb6 23. Ne2 Na4 24. Rxc7 Rxc7 25. Rd2 f6 26. Kf2 Bf7 27. b3
Nb6 28. Rc2 Rxc2 29. Bxc2 g6 30. Nf4 Nc8 {Game drawn by mutual agreement}
1/2-1/2

[Event "Team 45 45 League T57"]
[Site "Internet Chess Club"]
[Date "2013.06.27"]
[Round "6"]
[White "QuieroAprender"]
[Black "justice02"]
[Result "0-1"]
[WhiteElo "1693"]
[BlackElo "1711"]
[Opening "Scandinavian: Pytel-Wade variation"]
[ECO "B01"]
[Time "20:04:05"]
[TimeControl "2700+45"]

1. e4 d5 2. exd5 Qxd5 3. Nc3 Qd6 4. Bb5+ c6 5. Be2 Bf5 6. d3 Nf6 7. f4 h5 8. h3
e6 9. Nf3 Nbd7 10. Be3 Nb6 11. Qd2 Nfd5 12. O-O-O Nxe3 13. Qxe3 Nd5 14. Nxd5
Qxd5 15. c4 Qa5 16. a3 Be7 17. g4 Bh7 18. g5 O-O-O 19. Ne5 Bxa3 20. Rd2 Bc5 21.
Qf3 Bd4 22. Nxf7 Qa1+ 23. Kc2 Qxb2+ 24. Kd1 Qb1# {White checkmated} 0-1

[Event "Team 45 45 League T57"]
[Site "Internet Chess Club"]
[Date "2013.07.01"]
[Round "6"]
[White "CaoCao"]
[Black "charles-allen"]
[Result "0-1"]
[WhiteElo "1875"]
[BlackElo "1903"]
[Opening "KGA: Abbazia defense, modern variation"]
[ECO "C31"]
[Time "20:19:40"]
[TimeControl "2700+45"]

1. e4 e5 2. f4 d5 3. exd5 exf4 4. Nf3 Nf6 5. Bc4 Nxd5 6. Bxd5 Qxd5 7. Nc3 Qf5 8.
d4 Bd6 9. O-O O-O 10. Qe2 Bd7 11. Ne4 Re8 12. Nxd6 Rxe2 13. Nxf5 Bxf5 14. c3 Nd7
15. Rf2 Rae8 16. Rxe2 Rxe2 17. Kf1 Bd3 18. Ne1 Bc4 {White resigns} 0-1

[Event "Team 45 45 League T57"]
[Site "Internet Chess Club"]
[Date "2013.06.29"]
[Round "6"]
[White "j65536d"]
[Black "mugurelt"]
[Result "0-1"]
[WhiteElo "1747"]
[BlackElo "1768"]
[Opening "Sicilian: Najdorf, 6.f4"]
[ECO "B93"]
[Time "15:58:11"]
[TimeControl "2700+45"]

1. e4 c5 2. Nf3 d6 3. d4 Nf6 4. Nc3 cxd4 5. Nxd4 a6 6. f4 e5 7. Nf3 Nbd7 8. Be3
Be7 9. Qd2 Qc7 10. h3 b5 11. a3 Bb7 12. Bd3 O-O 13. g4 exf4 14. Bxf4 Ne5 15. Nd4
Nc4 16. Bxc4 bxc4 17. O-O-O g6 18. Rhe1 Nd7 19. Nd5 Bxd5 20. exd5 Bf6 21. Nc6
Qb6 22. c3 Nc5 23. Kb1 Na4 24. Be3 Qb3 25. Bd4 Bxd4 26. Nxd4 Qb6 27. Nc6 Rfe8
28. h4 Nc5 29. Qd4 Na4 30. Ne7+ Rxe7 31. Qxb6 Rxe1 32. Qd4 Re2 33. Rd2 Re1+ 34.
Kc2 Rb8 35. b4 cxb3+ 36. Kd3 Nc5+ 37. Kc4 Re4 {White resigns} 0-1

[Event "Team 45 45 League T57"]
[Site "Internet Chess Club"]
[Date "2013.07.02"]
[Round "6"]
[White "kidcobra"]
[Black "amicusUK"]
[Result "1-0"]
[WhiteElo "1738"]
[BlackElo "1620"]
[Opening "Caro-Kann: two knights variation"]
[ECO "B10"]
[Time "16:00:12"]
[TimeControl "2700+45"]

1. e4 c6 2. Nf3 d5 3. Nc3 dxe4 4. Nxe4 Nf6 5. Nxf6+ exf6 6. Bc4 Bd6 7. O-O O-O
8. d4 Bg4 9. h3 Bh5 10. Be2 Nd7 11. d5 Qc7 12. dxc6 bxc6 13. Be3 Rad8 14. Nd4
Bxe2 15. Qxe2 Rfe8 16. Qg4 Ne5 17. Qe2 Ng6 18. Qc4 Ne5 19. Qc3 a5 20. Bf4 Qb6
21. Be3 Qb4 22. Qxb4 axb4 23. Rfe1 c5 24. Nf5 Bf8 25. Rad1 Nc4 26. b3 Nxe3 27.
Nxe3 g6 28. Rxd8 Rxd8 29. Rd1 Rxd1+ 30. Nxd1 Bd6 31. Ne3 Be5 32. Kf1 Kf8 33. Ke2
Ke7 34. Kd3 Bd4 35. f3 Ke6 36. Nd1 Ke5 37. c3 Kd5 38. cxd4 {Black resigns} 1-0

[Event "Team 45 45 League T57"]
[Site "Internet Chess Club"]
[Date "2013.06.29"]
[Round "6"]
[White "BraafPaard"]
[Black "xt"]
[Result "0-1"]
[WhiteElo "1502"]
[BlackElo "1647"]
[Opening "Queen's pawn, Mason variation"]
[ECO "D00"]
[Time "14:05:12"]
[TimeControl "2700+45"]

1. d4 d5 2. Bf4 Bf5 3. e3 e6 4. Nf3 h6 5. h3 Nf6 6. Bd3 Ne4 7. O-O c5 8. c3 Bd6
9. Bxd6 Qxd6 10. Nh4 Bh7 11. Nd2 Nxf2 12. Rxf2 Bxd3 13. Nhf3 Nd7 14. dxc5 Nxc5
15. Nb3 Nxb3 16. Qxd3 Nxa1 {White resigns} 0-1

[Event "Team 45 45 League T57"]
[Site "Internet Chess Club"]
[Date "2013.06.28"]
[Round "6"]
[White "TerryMalloy"]
[Black "bobhill"]
[Result "1/2-1/2"]
[WhiteElo "2032"]
[BlackElo "1956"]
[Opening "Sicilian: dragon, Yugoslav attack, 12.h4"]
[ECO "B77"]
[Time "21:07:17"]
[TimeControl "2700+45"]

1. e4 c5 2. Nf3 d6 3. d4 cxd4 4. Nxd4 Nf6 5. Nc3 g6 6. Be3 Bg7 7. f3 Nc6 8. Qd2
O-O 9. Bc4 Bd7 10. h4 Qa5 11. O-O-O Rfc8 12. Bb3 Ne5 13. h5 Nc4 14. Bxc4 Rxc4
15. hxg6 fxg6 16. Nb3 Qc7 17. e5 dxe5 18. Nd5 Qd6 19. Nxf6+ Bxf6 20. Qxd6 exd6
21. Rxd6 Bf5 22. c3 Be7 23. Rd5 Rac8 24. Bd2 Bf6 25. g4 Be6 26. Rd6 R8c6 27.
Rxc6 Rxc6 28. g5 Bg7 29. Be3 Bxb3 30. axb3 Rd6 31. Rd1 Rxd1+ 32. Kxd1 a6 33. Ke2
Kf7 34. Kd3 Ke6 35. Ke4 Bf8 36. b4 {Game drawn by mutual agreement} 1/2-1/2

[Event "Team 45 45 League T57"]
[Site "Internet Chess Club"]
[Date "2013.06.27"]
[Round "6"]
[White "Beetlejuice"]
[Black "Packerfan"]
[Result "1-0"]
[WhiteElo "1736"]
[BlackElo "1745"]
[Opening "Budapest: Fajarowicz variation"]
[ECO "A51"]
[Time "14:00:58"]
[TimeControl "2700+45"]

1. d4 Nf6 2. c4 e5 3. dxe5 Ne4 4. a3 d6 5. Qc2 Bf5 6. Nc3 Nxf2 7. Qxf5 Nxh1 8.
g3 Nc6 9. Nf3 Nxe5 10. Nxe5 dxe5 11. Qxe5+ Qe7 12. Qxe7+ Bxe7 13. Bg2 Nxg3 14.
hxg3 c6 15. Be3 h5 16. Rd1 g5 17. Ne4 h4 18. Nxg5 hxg3 19. Ne4 Rh2 20. Kf1 Rh4
21. Rd4 Rd8 22. Rxd8+ Kxd8 23. c5 Rg4 24. Bf3 Rg7 25. Bd4 Rg8 26. Be5 Bh4 27.
Nd6 f6 28. Nxb7+ Kd7 29. Bf4 g2+ 30. Bxg2 Rg4 31. e3 Bg5 32. Bh3 Bxf4 33. Bxg4+
Kc7 34. exf4 Kxb7 35. Ke2 Ka6 36. Kd3 Kb5 37. Kd4 a5 38. Bd7 a4 39. f5 {Black
resigns} 1-0

[Event "Team 45 45 League T57"]
[Site "Internet Chess Club"]
[Date "2013.06.28"]
[Round "6"]
[White "Buford-Julep"]
[Black "qs16"]
[Result "1-0"]
[WhiteElo "1741"]
[BlackElo "1721"]
[Opening "Modern defense: Averbakh system"]
[ECO "A40"]
[Time "10:00:46"]
[TimeControl "2700+45"]

1. d4 g6 2. e4 Bg7 3. c4 d6 4. Nc3 c6 5. Nf3 Bg4 6. Be3 Nf6 7. Be2 O-O 8. O-O
Nbd7 9. Qc2 Nb6 10. c5 dxc5 11. dxc5 Nbd7 12. Rfd1 Qc7 13. h3 Bxf3 14. Bxf3 Ne5
15. Be2 Rad8 16. f4 Ned7 17. e5 Ne8 18. Ne4 Qc8 19. Bc4 Nc7 20. Rd2 Bh6 21. Qb3
Nxe5 22. fxe5 Bg7 23. Ng5 e6 24. Rxd8 Qxd8 25. Qxb7 Nd5 26. Rd1 Bxe5 27. Qxc6
Qb8 28. Bxd5 exd5 29. Qxd5 Qxb2 30. c6 Qb8 31. Rf1 Bd6 32. Rxf7 Qb1+ 33. Rf1+
{Black resigns} 1-0

[Event "Team 45 45 League T57"]
[Site "Internet Chess Club"]
[Date "2013.06.30"]
[Round "6"]
[White "misuc56"]
[Black "bondguy01"]
[Result "1-0"]
[WhiteElo "1889"]
[BlackElo "1688"]
[Opening "King's Indian defense, 3.Nc3"]
[ECO "E61"]
[Time "18:00:08"]
[TimeControl "2700+45"]

1. d4 Nf6 2. c4 g6 3. Nc3 d6 4. h3 Bg7 5. Nf3 Nbd7 6. e3 O-O 7. Be2 c5 8. Bd2 b5
9. cxb5 a6 10. bxa6 Bxa6 11. Bxa6 Rxa6 12. O-O Qa8 13. a3 Rb8 14. Rb1 Rab6 15.
Qc2 Rb3 16. Rfc1 Qb7 17. Nd1 Ne4 18. Be1 h6 19. Nd2 Nxd2 20. Qxd2 cxd4 21. exd4
Qb6 22. Qe2 Kf8 23. Bc3 Bxd4 24. Bxd4 Qxd4 25. Rc3 Nc5 26. Qc2 Qe4 27. Rxc5 Qe1+
28. Kh2 dxc5 29. Qxc5 R3b5 30. Qc1 Rb3 31. Qxh6+ Kg8 32. Qc1 Qe5+ 33. g3 Rxg3
34. fxg3 Qe2+ 35. Kg1 Qe1+ 36. Kg2 Qe4+ 37. Kf1 Qh1+ 38. Ke2 Qxh3 39. Qe3 Qg4+
40. Ke1 Kf8 41. Rc1 Rd8 42. Nf2 Qa4 43. Kf1 Qb5+ 44. Qe2 Qb3 45. Rc3 Qb8 46. b4
Qa7 47. Kg2 Qb7+ 48. Qf3 Qa6 49. Rd3 Rc8 50. Re3 Ra8 51. Qe4 Ra7 52. Qd5 Qb6 53.
Rf3 f6 54. Qc5 Qb7 55. Qe3 Kg7 56. Kg1 Qc7 57. Qc5 Qb8 58. Re3 Kf8 59. Rc3 Kg7
60. b5 Qb7 61. Qc6 Qa8 62. Qxa8 {Black resigns} 1-0

[Event "Team 45 45 League T57"]
[Site "Internet Chess Club"]
[Date "2013.07.01"]
[Round "6"]
[White "Goli"]
[Black "MeoPatacca"]
[Result "1-0"]
[WhiteElo "1933"]
[BlackElo "1788"]
[Opening "French: exchange variation"]
[ECO "C01"]
[Time "15:59:39"]
[TimeControl "2700+45"]

1. e4 e6 2. d4 d5 3. exd5 exd5 4. Bd3 Bd6 5. Ne2 Ne7 6. Nbc3 Nbc6 7. Bg5 f6 8.
Bf4 O-O 9. Bxd6 Qxd6 10. Qd2 Bf5 11. O-O-O a6 12. Rde1 Rfe8 13. f3 b5 14. g4
Bxd3 15. Qxd3 Ng6 16. h4 Nf4 17. Qd2 Nxe2+ 18. Nxe2 Re7 19. Nf4 Rae8 20. Rxe7
Rxe7 21. c3 Na5 22. b3 Nc6 23. Kd1 Nd8 24. Re1 c6 25. Rxe7 Qxe7 26. Qe2 Kf7 27.
Nd3 Qxe2+ 28. Kxe2 Ne6 29. Nb4 Nf4+ 30. Kd2 Ke6 31. Nxa6 Ng2 32. Nc5+ Kd6 33. h5
Nf4 34. a4 f5 35. a5 g6 36. hxg6 hxg6 37. gxf5 gxf5 38. a6 {Black resigns} 1-0

[Event "Team 45 45 League T57"]
[Site "Internet Chess Club"]
[Date "2013.06.29"]
[Round "6"]
[White "Inquisiteur"]
[Black "room-matt"]
[Result "0-1"]
[WhiteElo "1610"]
[BlackElo "1790"]
[Opening "Scotch gambit"]
[ECO "C44"]
[Time "10:03:54"]
[TimeControl "2700+45"]

1. e4 e5 2. Nf3 Nc6 3. d4 exd4 4. Bc4 Bc5 5. c3 dxc3 6. Nxc3 d6 7. O-O Bg4 8. h3
Bxf3 9. gxf3 Qh4 10. Kg2 Ne5 11. Bb3 Nf6 12. f4 Ng6 13. Ba4+ c6 14. Qf3 O-O 15.
Qg3 b5 16. Bc2 b4 17. Ne2 Qh5 18. f3 Rad8 19. f5 Nh4+ 20. Kh2 h6 21. Nf4 Qg5 22.
Nd3 Qh5 23. Nxc5 dxc5 24. Be3 c4 25. Bc5 Rd2+ 26. Rf2 Nxf3+ 27. Kh1 Rxf2 28.
Bxf2 a5 29. Bd1 Nxe4 30. Qxf3 Qxf3+ 31. Bxf3 Nxf2+ 32. Kg2 Nd3 33. Bxc6 {White
resigns} 0-1

[Event "Team 45 45 League T57"]
[Site "Internet Chess Club"]
[Date "2013.06.30"]
[Round "6"]
[White "tsia68"]
[Black "CzwartyWymiar"]
[Result "0-1"]
[WhiteElo "1703"]
[BlackElo "1912"]
[Opening "Réti opening"]
[ECO "A05"]
[Time "10:02:31"]
[TimeControl "2700+45"]

1. Nf3 Nf6 2. g3 e6 3. Bg2 a6 4. O-O b5 5. d3 Nc6 6. e4 Be7 7. c3 O-O 8. a4 Bb7
9. axb5 axb5 10. Rxa8 Qxa8 11. Qb3 b4 12. Bf4 d5 13. e5 Nd7 14. Nbd2 Nc5 15. Qc2
bxc3 16. bxc3 Ba6 17. c4 Nb4 18. Qc3 Ncxd3 19. Be3 c5 20. Ne1 Nxe1 21. Rxe1 d4
22. Qc1 Qa7 23. Bf4 Nd3 24. Qd1 Nxe1 25. Qg4 Nxg2 26. Bh6 g6 27. Ne4 Ne1 28.
Nf6+ Bxf6 29. exf6 Qb7 {White resigns} 0-1

[Event "Team 45 45 League T57"]
[Site "Internet Chess Club"]
[Date "2013.06.30"]
[Round "6"]
[White "ILRE"]
[Black "Duguesclin"]
[Result "0-1"]
[WhiteElo "1548"]
[BlackElo "1666"]
[Opening "English: four knights, kingside fianchetto"]
[ECO "A29"]
[Time "11:01:56"]
[TimeControl "2700+45"]

1. c4 e5 2. Nc3 Nf6 3. Nf3 Nc6 4. g3 Bb4 5. Nd5 Bc5 6. Bg2 O-O 7. O-O d6 8. d3
h6 9. Nxf6+ Qxf6 10. Nd2 Bf5 11. Ne4 Bxe4 12. Bxe4 Nd8 13. Bd2 c6 14. Rb1 a5 15.
a3 a4 16. Be3 Ne6 17. Bg2 Rfd8 18. Qc2 Nd4 19. Qd1 Nb3 20. Bxc5 Nxc5 21. Qc2 Nb3
22. e3 Rac8 23. Qe2 d5 24. cxd5 cxd5 25. Qg4 Nd2 26. Bxd5 Nxb1 27. Rxb1 Rc2 28.
Bf3 Rxd3 29. Qxa4 Rc8 30. Bxb7 Rd2 31. Rf1 Rb8 32. Qc6 Qxc6 33. Bxc6 Rb6 34. Bd7
Rxd7 {White resigns} 0-1